 Dungeon Crawl Stone Soup version 0.28.0-45-g0d030f2227 (webtiles) character file.

Game seed: 17742332623147357134

80 Faeu the Covered (level 4, -2/41 HPs)
             Began as a Minotaur Fighter on Apr 5, 2022.
             Shot with an arrow by a centaur (3 damage)
             ... on level 3 of the Dungeon.
             The game lasted 00:07:05 (1747 turns).

Faeu the Covered (Minotaur Fighter)                 Turns: 1747, Time: 00:07:06

Health: -2/41      AC:  7    Str: 22    XL:     4   Next: 18%
Magic:  3/3        EV: 10    Int:  5    God:
Gold:   94         SH:  4    Dex: 10    Spells: 3/3 levels left

rFire   . . .      SeeInvis +   a - +0 war axe {axe}
rCold   . . .      Faith    .   c - +0 buckler
rNeg    . . .      Spirit   .   b - +0 scale mail
rPois   +          Reflect  .   (helmet restricted)
rElec   .          Harm     .   (no cloak)
rCorr   .          Rampage  .   (no gloves)
Will    .....                   (no boots)
Stlth   ..........              (no amulet)
HPRegen 0.13/turn               g - ring of poison resistance
MPRegen 0.08/turn               k - ring of see invisible

@: no status effects
A: horns 2, retaliatory headbutt
a: no special abilities


You were on level 3 of the Dungeon.
You visited 1 branch of the dungeon, and saw 3 of its levels.

You collected 94 gold pieces.


Innate Abilities, Weirdness & Mutations

You have a pair of horns on your head.
You reflexively headbutt those who attack you in melee.


   Skills:
 + Level 4.3 Fighting
 + Level 3.4 Axes
 + Level 4.4 Armour
 + Level 1.8 Dodging
 - Level 3.6 Shields


You had 3 spell levels left.
You didn't know any spells.
Your spell library contained the following spells:

 Spells                   Type           Power      Damage    Failure   Level
 Animate Skeleton         Necr           0%         N/A       87%         1
 Pain                     Necr           0%         1d4       87%         1
 Vampiric Draining        Necr           0%         2d6       99%         3

Inventory:

Hand Weapons
 a - a +0 war axe (weapon) {axe}
 p - a +0 club {mace}
   (You took it off a goblin on level 1 of the Dungeon)
Missiles
 m - 6 poisoned darts (quivered) {throwing}
Armour
 b - a +0 scale mail (worn)
 c - a +0 buckler (worn)
Jewellery
 g - a ring of poison resistance (left hand)
   (You found it on level 1 of the Dungeon)
 k - a ring of see invisible (right hand)
   (You found it on level 1 of the Dungeon)
Wands
 t - a wand of acid (11)
   (You found it on level 3 of the Dungeon)
Scrolls
 h - a scroll of teleportation {unknown}
 i - 2 scrolls of identify {unknown}
 n - 2 scrolls of acquirement {unknown}
Potions
 d - a potion of might
 e - a potion of curing {unknown}
 f - 2 potions of attraction {unknown}
 j - 2 potions of invisibility {unknown}
 l - a potion of heal wounds {unknown}
 o - 2 potions of degeneration {unknown}
 q - a potion of brilliance {unknown}
 r - a potion of cancellation {unknown}
 s - a potion of berserk rage {unknown}

Dungeon Overview and Level Annotations

Branches:
Dungeon (3/15)

Altars:

Annotations:
D:3 1 runed translucent door

.#+#.####.##....#...... #.#
..........###.###.#######.#
?.......c.'c..###.# #.#
..........##...##.# #.#
..........##.#)##.# #.#
..........##....#.# #.#
..........###.....# #.#
..........# #.#.#.#######'##
..........###+#@...........#
..........#............#...#
#......>...).#...#
#............#...#
#............#...#
#............#...#
#.......†....#...#
#............#...#
#............#


You could see a centaur.


Message History

The kobold barely misses you. You furiously retaliate!
You headbutt the kobold. 😎 HP[+2]
You now have 41 max hp (+1).
You slash the kobold!
You kill the kobold!
Things that are here:
a +0 short sword {short}; a kobold corpse As you open the door, it creaks loudly!
There is an open door here.
You see here 14 stones {throwing}.
You see here a +0 leather armour.
You see here 20 sling bullets.
You see here a +0 ring mail.
You open the door.
There is an open door here.
There is a stone staircase leading down here.
A goblin comes into view. It is wielding a +0 dagger.
The goblin hits you but does no damage.
You completely miss the goblin. You headbutt the goblin.
You kill the goblin!
You see here a +0 dagger {short}.
You open the door.
There is an open door here.
You pick up a book of Necromancy and begin reading...
You add the spells Pain, Animate Skeleton and Vampiric Draining to your library.
You open the door.
A hobgoblin comes into view.
The hobgoblin shouts!
There is an open door here.
The hobgoblin hits you but does no damage.
You hit the hobgoblin. Your headbutt misses the hobgoblin.
The hobgoblin hits you but does no damage.
You block the hobgoblin's attack.
You slash the hobgoblin!
You kill the hobgoblin!
You see here a hobgoblin corpse.
You see here a +0 leather armour.
You see here 20 sling bullets.
You see here a +0 ring mail.
As you open the door, it creaks loudly!
There is an open door here.
You open the door.
There is an open door here.
You see here a +0 whip {mace}.
A bat comes into view.
You block the bat's attack. The bat hits you. 😕 HP[-1]
You take 1 damage, and now have 40/41 hp.
You slash the bat!
You kill the bat!
You see here a bat corpse.
You now have 88 gold pieces (gained 9). 😎 HP[+1]
s - a glowing black potion You now have 94 gold pieces (gained 6).
t - a wand of acid (11)
You see here a +0 whip {mace}.
You see here a +0 hand axe {axe}.
You open the door.
A hobgoblin comes into view.
The hobgoblin shouts!
There is an open door here.
A centaur comes into view.
The centaur wields a +0 shortbow.
The centaur shoots an arrow.
The arrow hits you.
The centaur shoots an arrow.
The arrow barely misses you. 😕 HP[-1]
You take 1 damage, and now have 40/41 hp.
The adder hisses angrily.
You hear a loud, deep croak!
You block the hobgoblin's attack.
The centaur shoots an arrow.
The arrow hits you but does no damage.
The centaur shoots an arrow.
The arrow hits you!
The centaur shoots an arrow.
You block the arrow. 😕 HP[-9]
You take 9 damage, and now have 31/41 hp.
MASSIVE DAMAGE!! (PAUSE)
There is an open door here.
You slash the hobgoblin!
You kill the hobgoblin!
The centaur shoots an arrow.
You block the arrow.
The centaur shoots an arrow.
The arrow hits you.
You see here a hobgoblin corpse. 😮 HP[-5]
You take 5 damage, and now have 26/41 hp.
The centaur shoots an arrow.
The arrow closely misses you.
The centaur shoots an arrow.
The arrow hits you. 😮 HP[-3]
You take 3 damage, and now have 23/41 hp.
The centaur shoots an arrow.
The arrow hits you.
* * * LOW HITPOINT WARNING * * *
😨 HP[-6]
You take 6 damage, and now have 17/41 hp.
The centaur shoots an arrow.
The arrow hits you!
* * * LOW HITPOINT WARNING * * *
The centaur shoots an arrow.
The arrow hits you.
* * * LOW HITPOINT WARNING * * *
😱 HP[-16]
You take 16 damage, and now have 1/41 hp.
MASSIVE DAMAGE!! (PAUSE)
The centaur shoots an arrow.
The arrow hits you.
You die...

Skill      XL: |  1  2 |
---------------+-------+-----
Fighting       | 4 |  4.3
Dodging        | 1 |  1.8
Armour         | 4 |  4.4
Axes           | 3 |  3.4
Shields        | |  3.6

Action                   |  1- 3 |  4- 6 || total
-------------------------+-------+-------++-------
Melee: War axe           |    79 |    11 ||    90
       Headbutt          |     6 |     2 ||     8
Armor: Scale mail        |    32 |     7 ||    39
Dodge: Dodged            |    37 |     8 ||    45
Block: Buckler           |    24 |     5 ||    29

Levels and vault maps discovered:
D:1:      dpeg_arrival_ratfight, layout_loops_ring, hangedman_decor_peaks_small,
          st_stairs_10, minmay_tetromino_o2
D:2:      layout_basic, hellmonk_ecumenical_altar_run_dry
D:3:      layout_basic, ebering_ghost_sewer_d, guppyfry_early_lair_pool

Notes
Turn   | Place    | Note
-------+----------+-------------------------------------------
     0 | D:1      | Faeu the Minotaur Fighter began the quest for the Orb.
     0 | D:1      | Reached XP level 1. HP: 19/19 MP: 0/0
     0 | D:1      | magus.rc [v1.9.6]
    72 | D:1      | Reached XP level 2. HP: 22/27 MP: 1/1
   161 | D:1      | Reached skill level 4 in Fighting
   161 | D:1      | Reached skill level 1 in Dodging
   228 | D:1      | You fall into a shaft and drop 1 floor!
   271 | D:2      | Reached skill level 4 in Armour
   328 | D:2      | Found a faded altar of an unknown god.
   336 | D:2      | Reached skill level 3 in Axes
   411 | D:2      | Reached XP level 3. HP: 33/33 MP: 2/2
  1169 | D:2      | HP: 5/33 [iguana (10)]
  1172 | D:2      | Reached XP level 4. HP: 6/40 MP: 3/3
  1639 | D:3      | You pick up a book of Necromancy and begin reading...
  1639 | D:3      | You add the spells Pain, Animate Skeleton and Vampiric
                  | Draining to your library.
  1732 | D:3      | Found a runed translucent door.
  1732 | D:3      | Noticed a centaur
  1746 | D:3      | HP: 7/41 [centaur/arrow (10)]
  1746 | D:3      | HP: 1/41 [centaur/arrow (6)]
  1747 | D:3      | Shot with an arrow by a centaur

Vanquished Creatures
  An iguana (D:2)
  7 ball pythons
  2 endoplasms
  A giant cockroach (D:1)
  6 goblins
  5 hobgoblins
  2 jackals (D:3)
  8 kobolds
  A quokka (D:1)
  6 bats
  3 frilled lizards
  14 rats
56 creatures vanquished.

Vanquished Creatures (others)
  A plant (D:3)
1 creature vanquished.

Grand Total: 57 creatures vanquished

Table legend:
 A = Non-vault XP
 B = Vault XP
 C = Vault XP percentage of total XP
 D = Non-vault monster count
 E = Vault monster count
 F = Vault count percentage of total count
                 A         B        C        D         E       F
            +---------+---------+-------+---------+---------+-------
      Total |     103 |      12 |  10.4 |      46 |      10 |  17.9
            +---------+---------+-------+---------+---------+-------
        D:1 |      40 |      12 |  23.1 |      27 |      10 |  27.0
        D:2 |      47 |       0 |   0.0 |      10 |       0 |   0.0
        D:3 |      16 |       0 |   0.0 |       9 |       0 |   0.0
            +---------+---------+-------+---------+---------+-------

Illustrated notes

Table legend:
 A = Kills in this place as a percentage of kills in entire the game.
 B = Kills by you in this place as a percentage of kills by you in the entire game.
 C = Kills by friends in this place as a percentage of kills by friends in the entire game.
 D = Other kills in this place as a percentage of other kills in the entire game.
 E = Experience gained in this place as a percentage of experience gained in the entire game.
 F = Experience gained in this place divided by the number of levels of this place that you have seen.
                   A       B       C       D       E      F
               +-------+-------+-------+-------+-------+----------------------
         Total | 100.0 | 100.0 |   N/A |   N/A | 100.0 |  38.3
       Dungeon | 100.0 | 100.0 |   N/A |   N/A | 100.0 |  38.3
               +-------+-------+-------+-------+-------+----------------------

Table legend: (Time is in decaauts)
 A = Elapsed time spent in this place.
 B = Non-inter-level travel time spent in this place.
 C = Inter-level travel time spent in this place.
 D = Time resting spent in this place.
 E = Time spent auto-exploring this place.
 F = Levels seen in this place.
 G = Mean time per level.
                   A        B        C        D        E       F      G
               +--------+--------+--------+--------+--------+-----+--------+
         Total |   1782 |   1640 |    142 |    235 |    628 |   3 |  594.0 |
       Dungeon |   1782 |   1640 |    142 |    235 |    628 |   3 |  594.0 |
               +--------+--------+--------+--------+--------+-----+--------+

Top non-repeatable levels by time:
     D:1: 896 daAuts
     D:2: 660 daAuts
     D:3: 225 daAuts
